Rangers vs Wild

Created - March 12, 2016 at 10:46

Goals
1 2 3 OT1 T
Rangers 1 2 0 1 4
Wild 1 0 2 0 3
Shots
1 2 3 OT1 T
Rangers 8 18 4 2 32
Wild 9 5 9 1 24

1st period

1. Rangers , Tomas Tatar 19 (Zemgus Girgensons, Chris Tanev) at 8:54
2. Wild , Peter Holland 18 (Barret Jackman, Scott Hartnell) at 17:42 (PP)

Penalties :
Karl Alzner (NYR) for Hooking (Minor) at 1:56, Tomas Tatar (NYR) for Slashing (Minor) at 14:49, Matt Calvert (NYR) for Slashing (Minor) at 16:49

2nd period

3. Rangers , Tyler Ennis 13 (Mikael Backlund, Bryan Allen) at 1:15
4. Rangers , Mikael Backlund 12 (Tyler Ennis, Karl Alzner) at 7:08

Penalties :
Barret Jackman (MIN) for Boarding (Minor) at 19:07

3rd period

5. Wild , Erik Cole 21 (Patrik Berglund) at 8:52
6. Wild , Erik Cole 22 (Patrik Berglund, Barret Jackman) at 13:46 (PP)

Penalties :
Bryan Allen (NYR) for Roughing (Minor) at 1:37, Sean Couturier (NYR) for Hooking (Minor) at 12:56

Overtime #1

7. Rangers , Tyler Ennis 14 (Jaromir Jagr, Chris Tanev) at 3:02

Penalties :
No Penalty

Goalie Stats

Brian Elliott (NYR), 21 saves from 24 shots - (0.875), W, 34-29-1, 63:03 minutes
Ryan Miller (MIN), 28 saves from 32 shots - (0.875), OTL, 19-25-11, 63:03 minutes

Players Stats for Rangers

Player Name              G  A  P  +/- PIM S  H  SB GA TA FO     MP     PP MP  PK MP  
------------------------------------------------------------------------------------
Alex Goligoski           0  0  0   0  0   1  2  0  0  0  0/0    26:58   1:16   5:02 
Anton Volchenkov         0  0  0   0  0   0  2  0  0  0  0/0    17:35   0:00   1:04 
Benoit Pouliot           0  0  0  -1  0   6  0  0  0  0  2/2    10:53   0:57   0:00 
Brad Richards            0  0  0   0  0   1  0  0  0  0  7/10    6:36   0:00   0:50 
Bryan Allen              0  1  1   2  2   0  1  0  0  0  0/0    18:29   0:00   2:11 
Chris Tanev              0  2  2   0  0   0  0  2  0  0  0/0    24:04   1:16   4:22 
Craig Smith              0  0  0  -1  0   3  1  0  0  0  7/8    11:09   0:57   0:00 
David Jones              0  0  0   0  0   0  0  0  0  0  0/0     5:46   0:00   0:00 
Eric Brewer              0  0  0   0  0   0  0  0  0  0  0/0    18:04   0:43   0:00 
Jaromir Jagr             0  1  1   1  0   1  0  0  0  0  1/4    21:35   1:02   0:00 
Karl Alzner              0  1  1   2  2   2  0  2  0  0  0/0    20:54   0:43   2:41 
Lance Bouma              0  0  0   0  0   0  1  1  0  0  0/0     7:58   0:00   2:12 
Matt Calvert             0  0  0  -1  2   2  1  0  0  0  0/0     9:55   0:00   0:00 
Mikael Backlund          1  1  2   2  0   3  0  0  0  0  0/1    20:57   0:00   5:28 
Sean Couturier           0  0  0   2  2   1  2  0  0  0  18/31  20:22   0:00   4:38 
Tomas Tatar              1  0  1   1  2   5  0  0  0  0  2/4    21:49   0:57   0:00 
Tyler Ennis              2  1  3   2  0   4  2  0  0  0  1/2    17:35   1:02   0:00 
Zemgus Girgensons        0  1  1   1  0   3  3  1  0  0  7/21   23:48   1:02   2:12 

Players Stats for Wild

Player Name              G  A  P  +/- PIM S  H  SB GA TA FO     MP     PP MP  PK MP  
------------------------------------------------------------------------------------
Alex Biega               0  0  0   0  0   0  1  0  0  0  0/0    11:26   0:18   1:00 
Barret Jackman           0  2  2  -1  2   0  0  3  0  0  0/0    19:52   3:54   0:00 
Dennis Wideman           0  0  0   0  0   2  2  2  0  0  0/0    27:09   3:46   0:59 
Dustin Brown             0  0  0   0  0   0  4  0  0  0  0/0    22:51   3:40   1:47 
Erik Cole                2  0  2   0  0   5  1  0  0  0  1/2    21:48   3:40   0:12 
Fedor Tyutin             0  0  0   0  0   0  1  2  0  0  0/0    16:56   0:00   0:00 
Jason Pominville         0  0  0   0  0   0  0  0  0  0  1/1     5:23   0:00   0:00 
Jason Spezza             0  0  0  -1  0   1  0  0  0  0  1/3    21:06   0:00   0:00 
Mark Streit              0  0  0   0  0   0  2  0  0  0  0/0    20:44   4:44   0:59 
Michael Ryder            0  0  0  -1  0   0  0  0  0  0  0/1    17:22   4:00   0:00 
Michael Stone            0  0  0  -1  0   0  1  1  0  0  0/0     8:21   2:38   0:00 
Patrik Berglund          0  2  2   0  0   6  2  0  0  0  12/22  21:04   3:40   0:00 
Peter Holland            1  0  1  -1  0   2  0  0  0  0  16/35  21:55   4:00   1:47 
R.J. Umberger            0  0  0  -1  0   1  4  1  0  0  5/14   13:22   0:00   0:00 
Rene Bourque             0  0  0  -1  0   4  0  0  0  0  0/0    13:22   0:00   0:00 
Scott Hannan             0  0  0   0  0   0  0  0  0  0  0/0     8:57   0:00   0:00 
Scott Hartnell           0  1  1  -1  0   3  6  0  0  0  2/5    25:54   4:00   0:12 
Zach Redmond             0  0  0  -2  0   0  0  2  0  0  0/0    12:40   0:00   1:00 

3 Stars

1 - Tyler Ennis (NYR)
2 - Erik Cole (MIN)
3 - Mikael Backlund (NYR)

Power Play

Rangers - 0 on 1 Attempt(s) - 0.00%
Wild - 2 on 5 Attempt(s) - 40.00%

Penalty Kill

Rangers - 3 on 5 Attempt(s) - 60.00% - Score 0 goal in Penalty Kill
Wild - 1 on 1 Attempt(s) - 100.00% - Score 0 goal in Penalty Kill

Team Stat

Rangers - Hits : 15 - Faceoff Wins : 45 - Blocked Shots : 6 - Penalty Minutes : 10
Wild - Hits : 24 - Faceoff Wins : 38 - Blocked Shots : 11 - Penalty Minutes : 2

Official

Referees : Dan O'Rourke and Paul Devorski
Linesman : Trent Knorr and Jay Sharrers

Game Notes

Michael Stone is injured at 3:59 of 2nd period (Lower Body)

Finance

Level 1 -- Attendance: 6500 (100.00%) -- Ticket Income $650,000
Level 2 -- Attendance: 4869 (97.38%) -- Ticket Income $292,140
Level 3 -- Attendance: 3423 (97.80%) -- Ticket Income $119,805
Level 4 -- Attendance: 1954 (100.00%) -- Ticket Income $39,080
Luxury Box -- Attendance: 884 (88.40%) -- Ticket Income $176,800
Game was played at the Xcel Energy Center.
Total Attendance: 17630 (98.20%)
Total Ticket Income: $1,277,825
Other Income: $191,674
Total Income: $1,469,499

% Time on Ice - Rangers

Lines # - Real PCT - Wanted PCT - Time Play
Normal Forward
1 - 38% - 40% - 19:10
2 - 31% - 30% - 15:29
3 - 20% - 20% - 9:56
4 - 11% - 10% - 5:46
Normal Defense
1 - 34% - 40% - 17:12
2 - 30% - 30% - 15:15
3 - 31% - 20% - 15:38
4 - 5% - 10% - 2:16
PP Forward
1 - 52% - 60% - 1:02
2 - 48% - 40% - 0:57
PP Defense
1 - 64% - 60% - 1:16
2 - 36% - 40% - 0:43
PK Forward
1 - 71% - 60% - 5:28
2 - 29% - 40% - 2:12
PK Defense
1 - 58% - 60% - 4:27
2 - 42% - 40% - 3:13
PK3 Forward
1 - 0% - 60%
2 - 0% - 40%
PK3 Defense
1 - 0% - 60%
2 - 0% - 40%
44 Forward
1 - 0% - 60%
2 - 0% - 40%
44 Defense
1 - 0% - 60%
2 - 0% - 40%
Last Minute Offensive  - 0:00
Last Minute Defensive  - 0:00
Total
Forward - 60:00
Defense - 60:00

% Time on Ice - Wild

Lines # - Real PCT - Wanted PCT - Time Play
Normal Forward
1 - 32% - 40% - 16:08
2 - 34% - 30% - 17:00
3 - 27% - 20% - 13:22
4 - 8% - 10% - 3:51
Normal Defense
1 - 28% - 40% - 14:05
2 - 34% - 30% - 16:56
3 - 21% - 20% - 10:23
4 - 18% - 10% - 8:57
PP Forward
1 - 52% - 60% - 4:00
2 - 48% - 40% - 3:40
PP Defense
1 - 49% - 60% - 3:46
2 - 51% - 40% - 3:54
PK Forward
1 - 90% - 60% - 1:47
2 - 10% - 40% - 0:12
PK Defense
1 - 50% - 60% - 0:59
2 - 50% - 40% - 1:00
PK3 Forward
1 - 0% - 60%
2 - 0% - 40%
PK3 Defense
1 - 0% - 60%
2 - 0% - 40%
44 Forward
1 - 0% - 60%
2 - 0% - 40%
44 Defense
1 - 0% - 60%
2 - 0% - 40%
Last Minute Offensive  - 0:00
Last Minute Defensive  - 0:00
Total
Forward - 60:00
Defense - 60:00

Play by Play

1st period


0:01 of 1st period - Peter Holland wins face-off versus Zemgus Girgensons in neutral zone.
0:03 of 1st period - Dennis Wideman is hit by Alex Goligoski.
0:11 of 1st period - Shot by Scott Hartnell.
0:11 of 1st period - Shot Misses the Net.
0:23 of 1st period - Shot by Jason Spezza.
0:23 of 1st period - Shot Misses the Net.
0:27 of 1st period - Shot by Scott Hartnell.
0:27 of 1st period - Stopped by Brian Elliott without a rebound.
0:28 of 1st period - Sean Couturier wins face-off versus Patrik Berglund in Rangers zone.
0:32 of 1st period - Icing by Mikael Backlund.
0:33 of 1st period - Sean Couturier wins face-off versus R.J. Umberger in Rangers zone.
0:33 of 1st period - Sean Couturier is hit by R.J. Umberger.
0:51 of 1st period - Shot by Sean Couturier.
0:51 of 1st period - Stopped by Ryan Miller without a rebound.
0:52 of 1st period - Patrik Berglund wins face-off versus Craig Smith in Wild zone.
1:27 of 1st period - Shot by Craig Smith.
1:27 of 1st period - Shot Blocked by Michael Stone.
1:29 of 1st period - Shot by Matt Calvert.
1:29 of 1st period - Stopped by Ryan Miller without a rebound.
1:30 of 1st period - Scott Hartnell wins face-off versus Brad Richards in Wild zone.
1:56 of 1st period - Minor Penalty to Karl Alzner for Hooking.
1:57 of 1st period - Sean Couturier wins face-off versus Peter Holland in Rangers zone.
2:34 of 1st period - Icing by Dennis Wideman.
2:35 of 1st period - Peter Holland wins face-off versus Zemgus Girgensons in Wild zone.
2:40 of 1st period - Shot by Dennis Wideman.
2:40 of 1st period - Stopped by Brian Elliott without a rebound.
2:41 of 1st period - Patrik Berglund wins face-off versus Sean Couturier in Rangers zone.
2:56 of 1st period - Shot by Michael Stone.
2:56 of 1st period - Shot Blocked by Lance Bouma.
4:00 of 1st period - Icing by Bryan Allen.
4:01 of 1st period - Craig Smith wins face-off versus R.J. Umberger in Rangers zone.
4:03 of 1st period - Karl Alzner is hit by R.J. Umberger and loses puck.
4:12 of 1st period - Shot by Rene Bourque.
4:12 of 1st period - Stopped by Brian Elliott without a rebound.
4:13 of 1st period - Peter Holland wins face-off versus Zemgus Girgensons in Rangers zone.
4:28 of 1st period - Jason Spezza is hit by Zemgus Girgensons.
6:03 of 1st period - Icing by Zach Redmond.
6:04 of 1st period - Benoit Pouliot wins face-off versus R.J. Umberger in Wild zone.
6:27 of 1st period - Shot by Benoit Pouliot.
6:27 of 1st period - Stopped by Ryan Miller with a rebound.
6:29 of 1st period - Shot by Benoit Pouliot.
6:29 of 1st period - Stopped by Ryan Miller without a rebound.
6:30 of 1st period - Peter Holland wins face-off versus Zemgus Girgensons in Wild zone.
6:35 of 1st period - Alex Goligoski is hit by Scott Hartnell.
7:07 of 1st period - Icing by Mark Streit.
7:08 of 1st period - Peter Holland wins face-off versus Sean Couturier in Wild zone.
7:17 of 1st period - Shot by Tyler Ennis.
7:17 of 1st period - Stopped by Ryan Miller without a rebound.
7:18 of 1st period - Patrik Berglund wins face-off versus Sean Couturier in Wild zone.
7:18 of 1st period - Michael Stone is hit by Tyler Ennis and loses puck.
7:38 of 1st period - Shot by Dustin Brown.
7:38 of 1st period - Shot Misses the Net.
8:24 of 1st period - Shot by Tomas Tatar.
8:24 of 1st period - Stopped by Ryan Miller with a rebound.
8:52 of 1st period - Shot by Zemgus Girgensons.
8:52 of 1st period - Shot Misses the Net.
8:54 of 1st period - Shot by Zemgus Girgensons.
8:54 of 1st period - Deflect By Tomas Tatar.
8:54 of 1st period - Goal by Tomas Tatar - Rangers : 1 - Wild : 0.
8:55 of 1st period - Brad Richards wins face-off versus Peter Holland in neutral zone.
9:09 of 1st period - David Jones is hit by Scott Hartnell and loses puck.
9:51 of 1st period - Mark Streit is hit by Matt Calvert and loses puck.
10:36 of 1st period - Shot by Zemgus Girgensons.
10:36 of 1st period - Shot Hit the Post.
10:59 of 1st period - Shot by Tomas Tatar.
10:59 of 1st period - Shot Misses the Net.
11:01 of 1st period - Shot by Tomas Tatar.
11:01 of 1st period - Shot Misses the Net.
11:03 of 1st period - Shot by Zemgus Girgensons.
11:03 of 1st period - Stopped by Ryan Miller without a rebound.
11:04 of 1st period - Sean Couturier wins face-off versus R.J. Umberger in Wild zone.
11:28 of 1st period - Shot by Mikael Backlund.
11:28 of 1st period - Shot Misses the Net.
11:38 of 1st period - Shot by Mikael Backlund.
11:38 of 1st period - Shot Blocked by R.J. Umberger.
11:40 of 1st period - Shot by Sean Couturier.
11:40 of 1st period - Shot Blocked by Zach Redmond.
13:27 of 1st period - Icing by Scott Hannan.
13:28 of 1st period - Patrik Berglund wins face-off versus Sean Couturier in Wild zone.
13:41 of 1st period - R.J. Umberger is hit by Sean Couturier and loses puck.
13:47 of 1st period - Off-side.
13:48 of 1st period - Craig Smith wins face-off versus Peter Holland in neutral zone.
14:26 of 1st period - Shot by Benoit Pouliot.
14:26 of 1st period - Shot Misses the Net.
14:49 of 1st period - Minor Penalty to Tomas Tatar for Slashing.
14:50 of 1st period - Patrik Berglund wins face-off versus Sean Couturier in Rangers zone.
14:55 of 1st period - Shot by Erik Cole.
14:55 of 1st period - Stopped by Brian Elliott without a rebound.
14:56 of 1st period - Patrik Berglund wins face-off versus Sean Couturier in Rangers zone.
15:02 of 1st period - Shot by Barret Jackman.
15:02 of 1st period - Shot Misses the Net.
15:04 of 1st period - Shot by Dustin Brown.
15:04 of 1st period - Shot Misses the Net.
15:06 of 1st period - Shot by Barret Jackman.
15:06 of 1st period - Shot Blocked by Chris Tanev.
15:19 of 1st period - Icing by Patrik Berglund.
15:20 of 1st period - Patrik Berglund wins face-off versus Sean Couturier in Wild zone.
15:22 of 1st period - Icing by Erik Cole.
15:23 of 1st period - Sean Couturier wins face-off versus Patrik Berglund in Wild zone.
15:23 of 1st period - Sean Couturier is hit by Michael Stone.
15:34 of 1st period - Icing by Patrik Berglund.
15:35 of 1st period - Patrik Berglund wins face-off versus Sean Couturier in Wild zone.
16:05 of 1st period - Shot by Patrik Berglund.
16:05 of 1st period - Shot Misses the Net.
16:07 of 1st period - Shot by Michael Stone.
16:07 of 1st period - Shot Misses the Net.
16:35 of 1st period - Chris Tanev is hit by Scott Hartnell and loses puck.
16:49 of 1st period - Minor Penalty to Matt Calvert for Slashing.
16:50 of 1st period - Sean Couturier wins face-off versus Patrik Berglund in Rangers zone.
16:59 of 1st period - Shot by Mark Streit.
16:59 of 1st period - Shot Misses the Net.
17:01 of 1st period - Shot by Dennis Wideman.
17:01 of 1st period - Shot Misses the Net.
17:03 of 1st period - Shot by Dustin Brown.
17:03 of 1st period - Shot Blocked by Chris Tanev.
17:05 of 1st period - Shot by Mark Streit.
17:05 of 1st period - Deflect By Patrik Berglund.
17:05 of 1st period - Stopped by Brian Elliott with a rebound.
17:11 of 1st period - Shot by Patrik Berglund.
17:11 of 1st period - Shot Misses the Net.
17:13 of 1st period - Shot by Patrik Berglund.
17:13 of 1st period - Stopped by Brian Elliott without a rebound.
17:14 of 1st period - Peter Holland wins face-off versus Zemgus Girgensons in Rangers zone.
17:22 of 1st period - Shot by Michael Ryder.
17:22 of 1st period - Deflect By Scott Hartnell.
17:22 of 1st period - Shot Blocked by Karl Alzner.
17:28 of 1st period - Shot by Michael Stone.
17:28 of 1st period - Deflect By Scott Hartnell.
17:28 of 1st period - Stopped by Brian Elliott without a rebound.
17:29 of 1st period - Sean Couturier wins face-off versus Peter Holland in Rangers zone.
17:42 of 1st period - Shot by Peter Holland.
17:42 of 1st period - Goal by Peter Holland - Rangers : 1 - Wild : 1.
17:43 of 1st period - Zemgus Girgensons wins face-off versus Patrik Berglund in neutral zone.
17:51 of 1st period - Off-side.
17:52 of 1st period - Zemgus Girgensons wins face-off versus Scott Hartnell in neutral zone.
18:09 of 1st period - Shot by Jason Pominville.
18:09 of 1st period - Shot Misses the Net.
18:13 of 1st period - Shot by Scott Hartnell.
18:13 of 1st period - Shot Misses the Net.
18:35 of 1st period - Icing by Dennis Wideman.
18:36 of 1st period - Scott Hartnell wins face-off versus Sean Couturier in Wild zone.
19:04 of 1st period - Michael Stone is hit by Sean Couturier and loses puck.
19:42 of 1st period - Off-side.
19:43 of 1st period - R.J. Umberger wins face-off versus Jaromir Jagr in neutral zone.
19:58 of 1st period - Shot by Rene Bourque.
19:58 of 1st period - Stopped by Brian Elliott without a rebound.
19:59 of 1st period - Craig Smith wins face-off versus Peter Holland in Rangers zone.
Goals for this period are 1 for Rangers vs 1 for Wild.
Shots for this period are 8 for Rangers vs 9 for Wild.

2nd period


0:01 of 2nd period - Peter Holland wins face-off versus Zemgus Girgensons in neutral zone.
0:04 of 2nd period - Shot by Jason Spezza.
0:04 of 2nd period - Stopped by Brian Elliott without a rebound.
0:05 of 2nd period - Zemgus Girgensons wins face-off versus Peter Holland in Rangers zone.
0:05 of 2nd period - Alex Goligoski is hit by Scott Hartnell and loses puck.
0:19 of 2nd period - Icing by Chris Tanev.
0:20 of 2nd period - Patrik Berglund wins face-off versus Zemgus Girgensons in Rangers zone.
1:01 of 2nd period - Icing by Patrik Berglund.
1:02 of 2nd period - Patrik Berglund wins face-off versus Sean Couturier in Wild zone.
1:15 of 2nd period - Shot by Tyler Ennis.
1:15 of 2nd period - Goal by Tyler Ennis - Rangers : 2 - Wild : 1.
1:16 of 2nd period - Craig Smith wins face-off versus Peter Holland in neutral zone.
1:23 of 2nd period - Shot by Craig Smith.
1:23 of 2nd period - Stopped by Ryan Miller without a rebound.
1:24 of 2nd period - Sean Couturier wins face-off versus Peter Holland in Wild zone.
2:23 of 2nd period - Shot by Tomas Tatar.
2:23 of 2nd period - Shot Misses the Net.
2:28 of 2nd period - Jaromir Jagr is hit by Dennis Wideman and loses puck.
3:24 of 2nd period - Michael Ryder is hit by Anton Volchenkov and loses puck.
3:31 of 2nd period - Shot by R.J. Umberger.
3:31 of 2nd period - Stopped by Brian Elliott with a rebound.
3:58 of 2nd period - Michael Stone is hit by Anton Volchenkov and loses puck.
3:59 of 2nd period - Michael Stone from Wild is injured at 3:59 of 2nd period (Lower Body).
4:00 of 2nd period - Tyler Ennis wins face-off versus Patrik Berglund in Rangers zone.
4:00 of 2nd period - Sean Couturier is hit by Dustin Brown and loses puck.
4:19 of 2nd period - Shot by Patrik Berglund.
4:19 of 2nd period - Shot Misses the Net.
6:15 of 2nd period - Shot by Benoit Pouliot.
6:15 of 2nd period - Stopped by Ryan Miller without a rebound.
6:16 of 2nd period - Peter Holland wins face-off versus Brad Richards in Wild zone.
6:16 of 2nd period - Peter Holland is hit by Lance Bouma.
7:06 of 2nd period - Shot by Tyler Ennis.
7:06 of 2nd period - Stopped by Ryan Miller with a rebound.
7:08 of 2nd period - Shot by Mikael Backlund.
7:08 of 2nd period - Goal by Mikael Backlund - Rangers : 3 - Wild : 1.
7:09 of 2nd period - Patrik Berglund wins face-off versus Jaromir Jagr in neutral zone.
7:24 of 2nd period - Shot by Patrik Berglund.
7:24 of 2nd period - Stopped by Brian Elliott without a rebound.
7:25 of 2nd period - Sean Couturier wins face-off versus R.J. Umberger in Rangers zone.
7:34 of 2nd period - Dennis Wideman is hit by Tyler Ennis and loses puck.
7:49 of 2nd period - Shot by Michael Ryder.
7:49 of 2nd period - Shot Misses the Net.
7:51 of 2nd period - Shot by Rene Bourque.
7:51 of 2nd period - Stopped by Brian Elliott with a rebound.
7:53 of 2nd period - Shot by Rene Bourque.
7:53 of 2nd period - Shot Misses the Net.
8:03 of 2nd period - Shot by Mikael Backlund.
8:03 of 2nd period - Stopped by Ryan Miller without a rebound.
8:04 of 2nd period - Tomas Tatar wins face-off versus Peter Holland in Wild zone.
8:09 of 2nd period - Shot by Tomas Tatar.
8:09 of 2nd period - Shot Misses the Net.
8:41 of 2nd period - Scott Hartnell is hit by Alex Goligoski and loses puck.
9:24 of 2nd period - Shot by Matt Calvert.
9:24 of 2nd period - Shot Blocked by Zach Redmond.
9:26 of 2nd period - Shot by Benoit Pouliot.
9:26 of 2nd period - Deflect By Craig Smith.
9:26 of 2nd period - Stopped by Ryan Miller with a rebound.
9:32 of 2nd period - Shot by Benoit Pouliot.
9:32 of 2nd period - Stopped by Ryan Miller without a rebound.
9:33 of 2nd period - R.J. Umberger wins face-off versus Sean Couturier in Wild zone.
10:01 of 2nd period - Icing by Sean Couturier.
10:02 of 2nd period - Peter Holland wins face-off versus Sean Couturier in Rangers zone.
11:41 of 2nd period - Shot by Benoit Pouliot.
11:41 of 2nd period - Shot Blocked by Barret Jackman.
11:43 of 2nd period - Shot by Benoit Pouliot.
11:43 of 2nd period - Stopped by Ryan Miller with a rebound.
11:45 of 2nd period - Shot by Matt Calvert.
11:45 of 2nd period - Stopped by Ryan Miller with a rebound.
11:47 of 2nd period - Shot by Craig Smith.
11:47 of 2nd period - Stopped by Ryan Miller without a rebound.
11:48 of 2nd period - R.J. Umberger wins face-off versus Brad Richards in Wild zone.
11:55 of 2nd period - Shot by R.J. Umberger.
11:55 of 2nd period - Shot Misses the Net.
11:57 of 2nd period - Shot by R.J. Umberger.
11:57 of 2nd period - Deflect By Rene Bourque.
11:57 of 2nd period - Stopped by Brian Elliott without a rebound.
11:58 of 2nd period - Sean Couturier wins face-off versus Peter Holland in Rangers zone.
11:58 of 2nd period - Sean Couturier is hit by Scott Hartnell.
12:11 of 2nd period - Shot by Mikael Backlund.
12:11 of 2nd period - Stopped by Ryan Miller with a rebound.
12:13 of 2nd period - Shot by Karl Alzner.
12:13 of 2nd period - Stopped by Ryan Miller with a rebound.
12:23 of 2nd period - Icing by Jason Spezza.
12:24 of 2nd period - Peter Holland wins face-off versus Zemgus Girgensons in Wild zone.
12:29 of 2nd period - Shot by Zemgus Girgensons.
12:29 of 2nd period - Shot Misses the Net.
12:31 of 2nd period - Shot by Zemgus Girgensons.
12:31 of 2nd period - Shot Misses the Net.
12:55 of 2nd period - Shot by Zemgus Girgensons.
12:55 of 2nd period - Stopped by Ryan Miller without a rebound.
12:56 of 2nd period - Patrik Berglund wins face-off versus Sean Couturier in Wild zone.
13:13 of 2nd period - Shot by Patrik Berglund.
13:13 of 2nd period - Deflect By Dustin Brown.
13:13 of 2nd period - Shot Misses the Net.
13:15 of 2nd period - Shot by Erik Cole.
13:15 of 2nd period - Shot Misses the Net.
14:23 of 2nd period - Icing by Alex Biega.
14:24 of 2nd period - Zemgus Girgensons wins face-off versus R.J. Umberger in Wild zone.
15:35 of 2nd period - Icing by Michael Ryder.
15:36 of 2nd period - Brad Richards wins face-off versus Michael Ryder in Wild zone.
15:36 of 2nd period - Brad Richards is hit by Alex Biega.
15:40 of 2nd period - Shot by Karl Alzner.
15:40 of 2nd period - Stopped by Ryan Miller without a rebound.
15:41 of 2nd period - Craig Smith wins face-off versus Jason Spezza in Wild zone.
15:52 of 2nd period - Shot by Benoit Pouliot.
15:52 of 2nd period - Shot Blocked by Dennis Wideman.
15:54 of 2nd period - Shot by Matt Calvert.
15:54 of 2nd period - Shot Misses the Net.
15:59 of 2nd period - Matt Calvert is hit by Mark Streit and loses puck.
16:02 of 2nd period - Shot by Matt Calvert.
16:02 of 2nd period - Shot Blocked by Dennis Wideman.
16:04 of 2nd period - Shot by Karl Alzner.
16:04 of 2nd period - Shot Misses the Net.
17:12 of 2nd period - Shot by Tomas Tatar.
17:12 of 2nd period - Stopped by Ryan Miller without a rebound.
17:13 of 2nd period - Sean Couturier wins face-off versus Patrik Berglund in Wild zone.
17:14 of 2nd period - Shot by Mikael Backlund.
17:14 of 2nd period - Shot Blocked by Fedor Tyutin.
18:44 of 2nd period - Off-side.
18:45 of 2nd period - Erik Cole wins face-off versus Zemgus Girgensons in neutral zone.
18:58 of 2nd period - Shot by Tomas Tatar.
18:58 of 2nd period - Stopped by Ryan Miller without a rebound.
18:59 of 2nd period - Brad Richards wins face-off versus Scott Hartnell in Wild zone.
19:07 of 2nd period - Minor Penalty to Barret Jackman for Boarding.
19:08 of 2nd period - Tomas Tatar wins face-off versus Peter Holland in Wild zone.
19:33 of 2nd period - Alex Goligoski is hit by Dustin Brown and loses puck.
19:40 of 2nd period - Shot by Alex Goligoski.
19:40 of 2nd period - Stopped by Ryan Miller without a rebound.
19:41 of 2nd period - Zemgus Girgensons wins face-off versus Peter Holland in Wild zone.
19:56 of 2nd period - Erik Cole is hit by Zemgus Girgensons and loses puck.
Goals for this period are 2 for Rangers vs 0 for Wild.
Shots for this period are 18 for Rangers vs 5 for Wild.

3rd period


0:01 of 3rd period - Peter Holland wins face-off versus Tyler Ennis in neutral zone.
0:40 of 3rd period - Shot by Zemgus Girgensons.
0:40 of 3rd period - Shot Misses the Net.
0:42 of 3rd period - Shot by Alex Goligoski.
0:42 of 3rd period - Deflect By Jaromir Jagr.
0:42 of 3rd period - Stopped by Ryan Miller without a rebound.
0:43 of 3rd period - Peter Holland wins face-off versus Tomas Tatar in Wild zone.
0:49 of 3rd period - Icing by Karl Alzner.
0:50 of 3rd period - Peter Holland wins face-off versus Tomas Tatar in Rangers zone.
1:22 of 3rd period - Icing by Karl Alzner.
1:23 of 3rd period - Brad Richards wins face-off versus R.J. Umberger in Rangers zone.
1:31 of 3rd period - Michael Ryder is hit by Bryan Allen and loses puck.
1:37 of 3rd period - Minor Penalty to Bryan Allen for Roughing.
1:38 of 3rd period - Sean Couturier wins face-off versus Patrik Berglund in Rangers zone.
1:38 of 3rd period - Sean Couturier is hit by Patrik Berglund.
1:48 of 3rd period - Alex Goligoski is hit by Erik Cole.
2:02 of 3rd period - Shot by Mark Streit.
2:02 of 3rd period - Shot Misses the Net.
2:04 of 3rd period - Shot by Erik Cole.
2:04 of 3rd period - Stopped by Brian Elliott with a rebound.
2:06 of 3rd period - Shot by Dennis Wideman.
2:06 of 3rd period - Stopped by Brian Elliott without a rebound.
2:07 of 3rd period - Sean Couturier wins face-off versus Peter Holland in Rangers zone.
2:28 of 3rd period - Shot by Sean Couturier.
2:28 of 3rd period - Shot Misses the Net.
2:42 of 3rd period - Shot by Scott Hartnell.
2:42 of 3rd period - Shot Blocked by Zemgus Girgensons.
2:44 of 3rd period - Shot by Peter Holland.
2:44 of 3rd period - Stopped by Brian Elliott without a rebound.
2:45 of 3rd period - Sean Couturier wins face-off versus Patrik Berglund in Rangers zone.
3:02 of 3rd period - Shot by Patrik Berglund.
3:02 of 3rd period - Stopped by Brian Elliott without a rebound.
3:03 of 3rd period - Sean Couturier wins face-off versus Peter Holland in Rangers zone.
3:03 of 3rd period - Sean Couturier is hit by Scott Hartnell.
3:57 of 3rd period - Shot by Benoit Pouliot.
3:57 of 3rd period - Stopped by Ryan Miller without a rebound.
3:58 of 3rd period - Jason Pominville wins face-off versus Zemgus Girgensons in Wild zone.
4:29 of 3rd period - Off-side.
4:30 of 3rd period - Sean Couturier wins face-off versus Patrik Berglund in neutral zone.
5:18 of 3rd period - Off-side.
5:19 of 3rd period - Zemgus Girgensons wins face-off versus R.J. Umberger in neutral zone.
5:33 of 3rd period - Shot by Tomas Tatar.
5:33 of 3rd period - Shot Blocked by Barret Jackman.
5:56 of 3rd period - Shot by Jaromir Jagr.
5:56 of 3rd period - Shot Misses the Net.
5:58 of 3rd period - Shot by Zemgus Girgensons.
5:58 of 3rd period - Stopped by Ryan Miller without a rebound.
5:59 of 3rd period - Craig Smith wins face-off versus Peter Holland in Wild zone.
6:36 of 3rd period - Off-side.
6:37 of 3rd period - Sean Couturier wins face-off versus Patrik Berglund in neutral zone.
7:10 of 3rd period - Shot by Dustin Brown.
7:10 of 3rd period - Shot Misses the Net.
7:12 of 3rd period - Shot by Dustin Brown.
7:12 of 3rd period - Deflect By Patrik Berglund.
7:12 of 3rd period - Stopped by Brian Elliott without a rebound.
7:13 of 3rd period - R.J. Umberger wins face-off versus Zemgus Girgensons in Rangers zone.
7:19 of 3rd period - Icing by Anton Volchenkov.
7:20 of 3rd period - Peter Holland wins face-off versus Zemgus Girgensons in Rangers zone.
7:21 of 3rd period - Shot by Scott Hartnell.
7:21 of 3rd period - Shot Misses the Net.
7:41 of 3rd period - Shot by Jaromir Jagr.
7:41 of 3rd period - Shot Misses the Net.
7:43 of 3rd period - Shot by Anton Volchenkov.
7:43 of 3rd period - Shot Misses the Net.
7:55 of 3rd period - Shot by Jaromir Jagr.
7:55 of 3rd period - Shot Misses the Net.
7:57 of 3rd period - Shot by Eric Brewer.
7:57 of 3rd period - Shot Misses the Net.
8:02 of 3rd period - Zemgus Girgensons is hit by Mark Streit and loses puck.
8:45 of 3rd period - Chris Tanev is hit by Dustin Brown and loses puck.
8:50 of 3rd period - Shot by Patrik Berglund.
8:50 of 3rd period - Shot Misses the Net.
8:52 of 3rd period - Shot by Erik Cole.
8:52 of 3rd period - Goal by Erik Cole - Rangers : 3 - Wild : 2.
8:53 of 3rd period - R.J. Umberger wins face-off versus Mikael Backlund in neutral zone.
10:00 of 3rd period - Shot by Patrik Berglund.
10:00 of 3rd period - Shot Misses the Net.
10:04 of 3rd period - Shot by Patrik Berglund.
10:04 of 3rd period - Shot Misses the Net.
10:06 of 3rd period - Shot by Fedor Tyutin.
10:06 of 3rd period - Deflect By Erik Cole.
10:06 of 3rd period - Shot Misses the Net.
11:30 of 3rd period - Mark Streit is hit by Zemgus Girgensons and loses puck.
12:01 of 3rd period - Eric Brewer is hit by Dustin Brown and loses puck.
12:56 of 3rd period - Minor Penalty to Sean Couturier for Hooking.
12:57 of 3rd period - Brad Richards wins face-off versus Peter Holland in Rangers zone.
13:18 of 3rd period - Icing by Dennis Wideman.
13:19 of 3rd period - Brad Richards wins face-off versus Peter Holland in Wild zone.
13:26 of 3rd period - Shot by Brad Richards.
13:26 of 3rd period - Stopped by Ryan Miller without a rebound.
13:27 of 3rd period - Brad Richards wins face-off versus Erik Cole in Wild zone.
13:40 of 3rd period - Shot by Mark Streit.
13:40 of 3rd period - Shot Misses the Net.
13:42 of 3rd period - Shot by Erik Cole.
13:42 of 3rd period - Stopped by Brian Elliott with a rebound.
13:44 of 3rd period - Shot by Barret Jackman.
13:44 of 3rd period - Shot Misses the Net.
13:46 of 3rd period - Shot by Patrik Berglund.
13:46 of 3rd period - Deflect By Erik Cole.
13:46 of 3rd period - Goal by Erik Cole - Rangers : 3 - Wild : 3.
13:47 of 3rd period - Benoit Pouliot wins face-off versus R.J. Umberger in neutral zone.
13:54 of 3rd period - Shot by Benoit Pouliot.
13:54 of 3rd period - Deflect By Craig Smith.
13:54 of 3rd period - Shot Misses the Net.
13:56 of 3rd period - Shot by Karl Alzner.
13:56 of 3rd period - Shot Blocked by Fedor Tyutin.
14:18 of 3rd period - R.J. Umberger is hit by Craig Smith and loses puck.
16:18 of 3rd period - Chris Tanev is hit by R.J. Umberger and loses puck.
17:01 of 3rd period - Shot by Scott Hartnell.
17:01 of 3rd period - Stopped by Brian Elliott without a rebound.
17:02 of 3rd period - Peter Holland wins face-off versus Zemgus Girgensons in Rangers zone.
17:10 of 3rd period - Tomas Tatar is hit by Fedor Tyutin and loses puck.
17:17 of 3rd period - Shot by Peter Holland.
17:17 of 3rd period - Shot Blocked by Karl Alzner.
17:35 of 3rd period - Shot by Zemgus Girgensons.
17:35 of 3rd period - Shot Blocked by Barret Jackman.
17:42 of 3rd period - Icing by Jason Spezza.
17:43 of 3rd period - Sean Couturier wins face-off versus Peter Holland in Wild zone.
18:21 of 3rd period - Icing by Fedor Tyutin.
18:22 of 3rd period - Craig Smith wins face-off versus Peter Holland in Wild zone.
18:32 of 3rd period - Icing by Scott Hartnell.
18:33 of 3rd period - Peter Holland wins face-off versus Zemgus Girgensons in Wild zone.
19:12 of 3rd period - Jaromir Jagr is hit by Patrik Berglund and loses puck.
19:18 of 3rd period - Karl Alzner is hit by Dennis Wideman and loses puck.
19:53 of 3rd period - Sean Couturier is hit by R.J. Umberger.
Goals for this period are 0 for Rangers vs 2 for Wild.
Shots for this period are 4 for Rangers vs 9 for Wild.

Overtime #1


0:01 of 1st overtime period - Jason Spezza wins face-off versus Jaromir Jagr in neutral zone.
0:10 of 1st overtime period - Shot by Jason Spezza.
0:10 of 1st overtime period - Shot Hit the Post.
1:18 of 1st overtime period - Shot by Tyler Ennis.
1:18 of 1st overtime period - Shot Misses the Net.
2:00 of 1st overtime period - Shot by Patrik Berglund.
2:00 of 1st overtime period - Stopped by Brian Elliott without a rebound.
2:01 of 1st overtime period - Jaromir Jagr wins face-off versus Jason Spezza in Rangers zone.
2:10 of 1st overtime period - Shot by Jaromir Jagr.
2:10 of 1st overtime period - Deflect By Tomas Tatar.
2:10 of 1st overtime period - Stopped by Ryan Miller without a rebound.
2:11 of 1st overtime period - Zemgus Girgensons wins face-off versus Scott Hartnell in Wild zone.
3:02 of 1st overtime period - Shot by Tyler Ennis.
3:02 of 1st overtime period - Goal by Tyler Ennis - Rangers : 4 - Wild : 3.
Goals for this period are 1 for Rangers vs 0 for Wild.
Shots for this period are 2 for Rangers vs 1 for Wild.